Kradschützen Motorcycle Team
Construct Light Support Kompanie
Selects Battlefield Espionage Battlegroup
Panzerjäger Mechanized Group
Selects 250/3 Funkpanzerwagen
Selects Anti-Tank Incendiary Munitions
Pak 38 Anti-tank Gun Team
Construct Mechanized Kompanie
Selects Intel Disruption Beacon
Selects Operation Skorpion
Marder III Tank Destroyer
Marder III Tank Destroyer
254 Reconnaissance Tractor
18-tonne Recovery Half-track